 Dungeon Crawl Stone Soup version 0.20-a0-1006-ge6c5631 (webtiles) character file.

8949 Hybris the Carver (level 11, -1/99 HPs)
             Began as a Human Fighter on Apr 13, 2017.
             Was a Priest of Wu Jian.
             Slain by a fire bat (5 damage)
             ... on level 2 of the Lair of Beasts.
             The game lasted 00:41:03 (18463 turns).

Hybris the Carver (Human Fighter)                  Turns: 18463, Time: 00:41:05

Health: -1/99      AC: 10    Str: 22    XL:     11   Next: 65%
Magic:  11/11      EV:  7    Int:  9    God:    Wu Jian [***...]
Gold:   535        SH:  0    Dex: 12    Spells: 7/10 levels left

rFire    . . .     SeeInvis .   a - +6 long sword
rCold    . . .     Gourm    .   c - +1 shield
rNeg     . . .     Faith    .   b - +0 scale mail
rPois    .         Spirit   .   v - +0 helmet
rElec    .         Reflect  .   q - +1 cloak
rCorr    .         Harm     .   (no gloves)
MR       .....                  (no boots)
Stlth    ..........             t - amulet of magic regeneration
Regen    0.3/turn               j - ring of stealth
MPRegen  0.2/turn               g - ring of wizardry

@: confused, lethally poisoned (-1 -> -30), hasted, very quick
A: robust 1, strong 1
a: Renounce Religion


You were on level 2 of the Lair of Beasts.
You worshipped Wu Jian.
Wu Jian was most pleased with you.
You were not hungry.

You visited 2 branches of the dungeon, and saw 11 of its levels.

You collected 535 gold pieces.

Inventory:

Hand Weapons
 a - a +6 long sword (weapon)
 x - a +0 long sword of freezing
Missiles
 D - 39 arrows
Armour
 b - a +0 scale mail (worn)
 c - a +1 shield (worn)
 q - a +1 cloak (worn)
 v - a +0 helmet (worn)
 y - +0 steam dragon scales
 z - a +0 leather armour of poison resistance
Jewellery
 g - a ring of wizardry (right hand)
 j - a ring of stealth (left hand)
 t - an amulet of magic regeneration (around neck)
Wands
 h - a wand of paralysis (11/24)
 s - a wand of confusion (24/48)
 F - a wand of confusion (39/48)
Scrolls
 e - a scroll of immolation
 o - 9 scrolls of identify
 p - 6 scrolls of remove curse
 u - a scroll of teleportation
 B - a scroll of vulnerability {unknown}
Potions
 m - a potion of flight
 n - a potion of resistance
 r - a potion of mutation
 C - a potion of might
Books
 A - a book of Misfortune

   Spells                             Type                      Level
   a - Confusing Touch                Hexes                        1
   b - Confuse                        Hexes                        3
   c - Gell's Gravitas                Translocation                3
   d - Petrify                        Transmutation/Earth          4
   e - Metabolic Englaciation         Hexes/Ice                    5
   f - Yara's Violent Unravelling     Hexes/Transmutation          5
Comestibles
 f - 8 bread rations
 i - 3 meat rations
 l - 6 royal jellies
 w - 2 fruits


   Skills:
 + Level 10.1 Fighting
 * Level 13.5 Long Blades
 - Level 3.0 Armour
 - Level 3.0 Shields
 + Level 4.3 Hexes


You had 7 spell levels left.
You knew the following spells:

 Your Spells              Type           Power        Failure   Level  Hunger
a - Confuse               Hex            #.......     93%         3    ####...


Dungeon Overview and Level Annotations

Branches:
Dungeon (9/15)             Temple (0/1) D:4            Lair (1/6) D:9
    Orc: D:9-12

Altars:
Cheibriados
Dithmenos
Fedhas
Gozag
Qazlal
Sif Muna
Trog
Vehumet
Wu Jian
The Shining One

Shops:
D:7 (

Annotations:
Lair:2 Sonja


Innate Abilities, Weirdness & Mutations

You are robust. (+10% HP)
Your muscles are strong. (Str +2)


Message History

* * * LOW HITPOINT WARNING * * *
You are engulfed in flames!
* * * LOW HITPOINT WARNING * * *
The fire bat closely misses you.
* * * LOW HITPOINT WARNING * * *
You feel very sick. The fire bat barely misses you. The fire bat bites you.
* * * LOW HITPOINT WARNING * * *
You are engulfed in flames!
* * * LOW HITPOINT WARNING * * *
Sonja throws a stone.
The stone barely misses you.
You see here a stone.
You're too confused!
You feel yourself speed up.
* * * LOW HITPOINT WARNING * * *
You feel very sick. The fire bat barely misses you.
The fire bat bites you but does no damage.
The fire bat bites you.
You die...

........................
......P................P
.........P.#.(b..P....#
...#>..#####.P....##. #...#
#P.......... ##..##
#..##.§#%..### #...K#
#..###§#≈≈###. ##.bb#
##.#§≈§§§≈≈### ##..@#
#..§§§≈§§≈### ... P. #...##
..§≈§≈≈≈≈§≈## #...
..P#...#####.§§§≈≈≈≈≈###
#....#..##..##.#P.§§§≈§≈§≈###
##....#.# #........≈≈§§≈≈≈≈###
#.......###........#§§§§§≈≈###
#....#.##......)..≈#≈.≈§###..
#....#...............§§§.....
#............................


You could see Sonja and 2 fire bats.

Vanquished Creatures
  The ghost of Tux the Ogre Mage, a novice OgVM of Vehumet (D:7)
  Pikel (D:9)
  A molten gargoyle (Lair:2)
  Maurice (D:9)
  Psyche (D:9)
  A centaur skeleton (D:7)
  2 komodo dragons
  A hippogriff (D:7)
  A wyvern (D:8)
  A human (D:7)
  A steam dragon (D:9)
  4 hogs
  2 water moccasins
  5 ice beasts
  2 sky beasts
  3 slaves (D:9)
  3 orc warriors
  7 ogres
  A necrophage (D:8)
  2 phantoms
  3 centaurs
  A gnoll sergeant (D:5)
  11 bullfrogs
  3 scorpions
  A water moccasin skeleton (D:5)
  A centaur zombie (D:6)
  A jelly (D:5)
  A howler monkey (D:9)
  2 bullfrog zombies
  A crimson imp (D:6)
  A quasit (D:8)
  6 hounds
  Crazy Yiuf (D:7)
  A bullfrog skeleton (D:8)
  11 orc priests
  Natasha (thrice) (D:2)
  3 iguanas
  16 orc wizards
  5 worker ants
  A killer bee zombie (D:6)
  Robin (D:3)
  8 gnolls
  11 adders
  A shadow imp (D:5)
  An adder zombie (D:8)
  An adder skeleton (D:6)
  5 worms
  A dart slug (D:1)
  3 leopard geckos
  68 orcs
  A ball python (D:4)
  5 bats
  7 giant cockroaches
  14 goblins
  12 hobgoblins
  9 jackals
  6 quokkas
  7 frilled lizards
  4 kobolds
  8 rats
  A plant (Lair:2)
288 creatures vanquished.

Vanquished Creatures (others)
  An orc wizard (D:8)
  2 fungi (Lair:2)
3 creatures vanquished.

Grand Total: 291 creatures vanquished

Notes
Turn   | Place    | Note
-------+----------+-------------------------------------------
     0 | D:1      | Hybris the Human Fighter began the quest for the Orb.
     0 | D:1      | Reached XP level 1. HP: 18/18 MP: 1/1
   162 | D:1      | Reached XP level 2. HP: 24/24 MP: 2/2
   414 | D:2      | Noticed Natasha
   416 | D:2      | Noticed a crimson imp
   431 | D:2      | Noticed a crimson imp
   432 | D:2      | Noticed a crimson imp
   436 | D:2      | Killed Natasha
   436 | D:2      | Reached skill level 3 in Long Blades
   436 | D:2      | Reached XP level 3. HP: 5/29 MP: 3/3
   512 | D:2      | Noticed Natasha
   694 | D:2      | Killed Natasha
   694 | D:2      | Reached XP level 4. HP: 23/37 MP: 4/4
   977 | D:2      | Reached skill level 4 in Long Blades
   977 | D:2      | Reached XP level 5. HP: 42/42 MP: 5/5
  1009 | D:2      | Noticed Natasha
  1023 | D:2      | Killed Natasha
  1911 | D:2      | Found a shadowy altar of Dithmenos.
  2043 | D:3      | Noticed Robin
  2087 | D:3      | You fall through a shaft!
  2217 | D:4      | Noticed an ogre
  2225 | D:4      | Killed an ogre
  2225 | D:4      | Reached skill level 5 in Long Blades
  2225 | D:4      | Reached XP level 6. HP: 40/49 MP: 6/6
  2895 | D:4      | Found a staircase to the Ecumenical Temple.
  2956 | D:4      | Found a glowing golden altar of the Shining One.
  3085 | D:4      | Found an ornate altar of the Wu Jian Council.
  3107 | D:4      | Became a worshipper of the Wu Jian Council
  3149 | D:4      | Gained mutation: You are robust. (+10% HP) [potion of mutation]
  3149 | D:4      | Gained mutation: Your muscles are strong. (Str +2) [potion of mutation]
  3161 | D:4      | Reached XP level 7. HP: 21/60 MP: 7/7
  3267 | D:5      | Entered Level 5 of the Dungeon
  3500 | D:4      | Found a deep blue altar of Sif Muna.
  3650 | D:4      | Reached skill level 5 in Fighting
  3650 | D:4      | Reached skill level 6 in Long Blades
  4183 | D:3      | Reached * piety under Wu Jian
  4810 | D:3      | Killed Robin
  5558 | D:5      | Reached skill level 7 in Long Blades
  5608 | D:5      | Reached XP level 8. HP: 18/69 MP: 8/8
  5616 | D:5      | HP: 1/69 [water moccasin skeleton (6)]
  6721 | D:5      | Found a snail-covered altar of Cheibriados.
  7638 | D:6      | Reached ** piety under Wu Jian
  7658 | D:6      | Reached skill level 8 in Long Blades
  8458 | D:6      | Reached skill level 9 in Long Blades
  8458 | D:6      | Reached XP level 9. HP: 32/78 MP: 9/9
  9179 | D:7      | Noticed a hippogriff
  9189 | D:7      | Killed a hippogriff
  9267 | D:7      | Noticed Tux's ghost (novice OgVM)
  9552 | D:5      | HP: 2/79 [orc warrior/battleaxe (19)]
  9919 | D:5      | Reached skill level 10 in Long Blades
 10749 | D:5      | Found an opulent altar of Gozag.
 11731 | D:6      | Reached XP level 10. HP: 51/88 MP: 10/10
 11732 | D:6      | Reached *** piety under Wu Jian
 12106 | D:7      | Reached skill level 11 in Long Blades
 13046 | D:7      | HP: 3/90 [Tux's ghost (2)]
 13052 | D:7      | Killed Tux's ghost
 13052 | D:7      | Reached skill level 12 in Long Blades
 13184 | D:6      | HP: 2/91 [bullfrog (5)]
 13703 | D:7      | Found Laupp's Weapon Boutique.
 13789 | D:7      | Found a runed door.
 14207 | D:7      | Noticed Crazy Yiuf
 14223 | D:7      | Killed Crazy Yiuf
 14318 | D:7      | Got a smoking mace
 14319 | D:7      | Identified the +8 mace of Dust {crush, Int+5} (You found it on level 7 of the Dungeon)
 14350 | D:7      | Learned a level 3 spell: Confuse
 14567 | D:8      | Reached **** piety under Wu Jian
 14668 | D:8      | Reached skill level 1 in Hexes
 14931 | D:8      | Reached XP level 11. HP: 85/96 MP: 11/11
 15268 | D:8      | Found a stormy altar of Qazlal.
 15404 | D:8      | Found a blossoming altar of Fedhas.
 15406 | D:8      | Found a radiant altar of Vehumet.
 16143 | D:9      | Reached skill level 13 in Long Blades
 16183 | D:9      | Found an opulent altar of Gozag.
 16392 | D:9      | Noticed Maurice
 16421 | D:9      | Killed Maurice
 16503 | D:9      | Found a staircase to the Lair.
 16678 | D:9      | Noticed Psyche
 16686 | D:9      | Killed Psyche
 16713 | D:9      | Noticed Pikel
 16739 | D:9      | Killed Pikel
 17041 | D:9      | Noticed a moth of wrath
 17043 | D:9      | Found a bloodstained altar of Trog.
 17457 | Lair:1   | Entered Level 1 of the Lair of Beasts
 17488 | Lair:1   | Reached skill level 10 in Fighting
 17806 | Lair:1   | You fall through a shaft!
 17806 | Lair:2   | Noticed Sonja
 18462 | Lair:2   | HP: 3/99 [fire bat (7)]
 18463 | Lair:2   | Slain by a fire bat

Vault maps used:
D:1:      mrwooster_arrival_arrow
D:2:      nicolae_overflow_crystal_walls, minmay_tree_intersection, uniq_natasha
D:3:      uniq_robin
D:4:      old_standard_altar, lemuel_doored_altar, led_sif_book, temple_doors_e
D:5:      nicolae_overflow_hidden_temple, first_bread, serial_park_tiny_1,
          cheibriados_altar_1
D:6:      minmay_misc_feat_square
D:7:      serial_shops, shop, grunt_livestock, minmay_hedge_maze,
          uniq_crazy_yiuf_cottage
D:8:      nicolae_qazlal_general_emergency, gammafunk_temple_overflow_pools
D:9:      lair_entry_dummy, basic_altar, tgw_trog, uniq_psyche, uniq_maurice,
          uniq_pikel
Lair:1:   uniq_grum
Lair:2:   serial_bayou_shore_b, uniq_sonja, uniq_erica

Skill      XL: |  1  2  3  4  5  6  7  8  9 10 11 |
---------------+----------------------------------+-----
Long Blades    | 3 4 5 7 9 10 12 13 | 13.5
Fighting       | 4 5 6 8 9 10 | 10.1
Hexes          | 1 4 |  4.3
Armour         | |  3.0
Shields        | |  3.0

Action                   |  1- 3 |  4- 6 |  7- 9 | 10-12 || total
-------------------------+-------+-------+-------+-------++-------
Melee: Long sword        |    64 |   137 |   651 |   530 ||  1382
Invok: Serpent's Lash    |       |       |       |     4 ||     4
  Use: Potion            |       |     5 |     1 |     7 ||    13
       Scroll            |       |       |    10 |    12 ||    22
  Eat: Chunk             |       |     6 |    25 |    21 ||    52
       Royal jelly       |       |       |     2 |       ||     2
       Fruit             |       |       |       |     1 ||     1
Armor: Scale mail        |    18 |    48 |   214 |   159 ||   439
       Skin              |       |       |     2 |     4 ||     6
Dodge: Dodged            |    22 |    35 |   175 |    92 ||   324
Block: Shield            |    20 |    59 |   262 |   199 ||   540
       Rpst.: Long sword |     8 |    12 |    46 |    21 ||    87
